cohdb
Replays
Latest Replays
All Replays
Popular Replays
Top Player Replays
Match Explorer
How It Works
Community
CoH3 Stats
Reddit
Sign in to upload your games and track your stats! →
Sign in with Steam
Match 25740636
Unlisted
Match 25740636
Overview
Messages
Build Orders
End
Construct Barracks
Riflemen Squad
Selects Airborne Battlegroup
Selects Pathfinders
Riflemen Squad
Riflemen Squad
Construct Weapon Support Center
Grenade Package
Infantry Support Center
M1919 Machine Gun Team
Selects Paratrooper Squad Paradrop
Paratrooper Squad Paradrop
M1918 Browning Automatic Rifles
Slothstronaut Swag
Hipoapa
G-Zus Sauce
TidaL
Bonky The Bonk
Warden
MiserLou
Ivole
0
0
Comments
sign in to comment!
No comments posted yet!